cohdb
Replays
Latest Replays
All Replays
Popular Replays
Top Player Replays
Match Explorer
How It Works
Community
CoH3 Stats
Reddit
Sign in to upload your games and track your stats! →
Sign in with Steam
Match 34005686
Unlisted
Match 34005686
Overview
Messages
Build Orders
End
Kradschützen Motorcycle Team
Panzerpioneer Squad
Selects Italian Infantry
Panzerpioneer Squad
Panzerpioneer Squad
Construct Light Support Kompanie
2.5-tonne Medical Truck
Panzerjäger Mechanized Group
Selects Guastatori Squad
Selects L6/40 Light Tank Combat Group
L6/40 Light Tank Combat Group
Guastatori Squad
Panzerjäger Squad
Fire Support Elements
Pak 38 Anti-tank Gun Team
Pak 38 Anti-tank Gun Team
Selects Defensive Operations
Panzerjäger Mechanized Group
Selects Prepared Positions
Construct Panzerarmee Kommand
Guastatori Squad
Panzer III L Medium Tank
Microsoft Office Excel
Microsoft Office Word
jdnebel
bobidog101
0
0
Comments
sign in to comment!
No comments posted yet!